 Dungeon Crawl Stone Soup version 0.32-a0-834-geaf45d8e21 (webtiles) character file.

Game seed: 8009441718033372020

397 ytrimaz the Ruffian (level 6, -1/38 HPs)
             Began as an Octopode Shapeshifter on Mar 25, 2024.
             Slain by an orc wizard
             ... wielding a +0 dagger
              (3 damage)
             ... on level 4 of the Dungeon.
             The game lasted 00:03:18 (3653 turns).

ytrimaz the Ruffian (Octopode Shapeshifter)         Turns: 3653, Time: 00:03:19

Health: -1/38      AC:  1    Str: 13    XL:     6   Next: 83%
Magic:  6/6        EV: 12    Int: 15    God:
Gold:   156        SH:  0    Dex: 11    Spells: 5/5 levels left

rFire   . .          .
                       - Unarmed
rCold   . . .        (no shield)
rNeg    . . .        (helmet currently unavailable)
rPois   .            (no amulet)
rElec   .            (no ring)
rCorr   .            (no ring)
SInv    .            (no ring)
Will    .....        (no ring)
Stlth   +++          (no ring)
HPRegen 0.26/turn    (no ring)
MPRegen 0.10/turn    (no ring)
                     (no ring)

%: no passive effects
@: beast-form, hasted, very quick
A: beast (slay +2), almost no armour, amphibious, 8 rings, camouflage 1,
gelatinous body 1, (nimble swimmer 1), tentacles
a: Begin Untransformation


You were on level 4 of the Dungeon.
You were a hulking beast.
You visited 1 branch of the dungeon, and saw 4 of its levels.

You collected 156 gold pieces.


Innate Abilities, Weirdness & Mutations

You are a hulking beast.
Your limbs bulge with bestial killing power. (Slay +2)
You cannot wear most types of armour.
You are amphibious.
You can wear up to eight rings at the same time.
Your skin changes colour to match your surroundings (Stealth+).
Your rubbery body absorbs attacks. (AC +1, EV +1)
((You are camouflaged when in or above water. (Stealth+)))
You have tentacles for arms and can constrict up to eight enemies at once.


   Skills:
 - Level 1.0 Fighting
 - Level 2.0 Dodging
 - Level 4.0 Stealth
 + Level 5.1 Unarmed Combat
 + Level 5.0 Shapeshifting


You had 5 spell levels left.
You didn't know any spells.
Your spell library contained the following spells:

 Spells                   Type           Power      Damage    Failure   Level
 Summon Small Mammal      Summ           0%         N/A       26%         1
 Call Canine Familiar     Summ           0%         N/A       63%         3
 Summon Blazeheart Golem  Fire/Summ      0%         N/A       95%         4

Inventory:

Talismans
 b - a beast talisman (active)
 c - a flux talisman
 d - a serpent talisman
   (You found it on level 1 of the Dungeon)
Scrolls
 e - a scroll of enchant weapon
 f - 2 scrolls of fear
 j - 2 scrolls of poison
Potions
 i - a potion of invisibility {unknown}
 l - a potion of mutation {unknown}
 o - a potion of enlightenment {unknown}

Dungeon Overview and Level Annotations

Branches:
Dungeon (4/15) Zot: 20360
 Temple: D:4-7

Altars:
Cheibriados
Nemelex Xobeh
Sif Muna

Annotations:
D:3 3 runed translucent doors, Jigsaw's ghost, weakling GnDe; domi's ghost, amateur DsGl

#..#...####...........
#..#.................. ..
...........##......... ...
...........##........#....
#.#.#...............##....
........#...##..#....#
.#...#.###...# .....
###### ##).##..#.###
#)h........# #).........#
#....###.o.# ###.## ###
###


You could see an orc (fleeing).


Message History

You take 5 damage, and now have 9/57 hp.
You closely miss the orc priest.
The orc priest hits you but does no damage.
Something hits you but does no damage.
The orc wizard mumbles some strange words.
The orc wizard flickers and vanishes!
The orc priest hits you but does no damage.
The orc hits you but does no damage.
Unknown command.
You closely miss the orc priest.
The kobold throws a stone.
The stone hits you but does no damage. The orc priest completely misses you.
Something hits you but does no damage. x2
The orc priest hits you but does no damage.
The orc hits you but does no damage.
The orc priest shouts, "Surrender to Beogh and we'll let you live!" 😱 HP[+1] Unknown command.
You hit the orc priest.
Your transformation is almost over.
The orc priest threatens, "Beogh's wrath is as vast as their mercy.
Make your choice!"
The orc priest looks braver for a moment.
You hear some strange, mumbled words.
A magic dart appears from out of thin air!
The magic dart hits you but does no damage.
Something hits you but does no damage.
The orc priest hits you but does no damage.
The orc hits you with a +0 club.
* * * LOW HITPOINT WARNING * * *
😱 HP[-2]
You take 2 damage, and now have 8/57 hp.
You smack the orc priest!
You kill the orc priest!
Something hits you.
* * * LOW HITPOINT WARNING * * *
Something hits you but does no damage.
The orc priest hits you but does no damage.
The orc hits you but does no damage.
Your Unarmed Combat skill increases to level 5! 😱 HP[-1]
You take 1 damage, and now have 7/57 hp.
You cannot move.
Unknown command.
You cannot move.
You smack the orc priest!
Something hits you but does no damage. x2
The orc priest casts a cantrip, but nothing happens.
You barely miss the orc priest. The orc hits you but does no damage.
You hear some strange, mumbled words.
A magic dart appears from out of thin air!
The magic dart hits you.
* * * LOW HITPOINT WARNING * * *
Unknown command. 😱 HP[-1]
You take 1 damage, and now have 6/57 hp.
You hit the orc priest.
You kill the orc priest!
Something hits you but does no damage. The orc hits you but does no damage.
Your Shapeshifting skill increases to level 5!
You cannot move.
Unknown command.
You cannot move.
It was a potion of haste.
You feel yourself speed up.
You hear some strange, mumbled words.
A puff of flame appears from out of thin air!
The puff of flame hits you.
* * * LOW HITPOINT WARNING * * *
You hear some strange, mumbled words.
A magic dart appears from out of thin air!
The magic dart hits you but does no damage.
The orc hits you but does no damage.
The kobold throws a stone.
The stone hits you but does no damage. 😱 HP[-2]
You take 2 damage, and now have 4/57 hp.
Unknown command.
You cannot move.
You cannot move.
Unknown command.
You cannot move.
You cannot move.
Unknown command.
As you read the scroll of fear, it crumbles to dust.
You assume a fearsome visage.
The orc looks frightened!
The kobold looks frightened!
Unknown command. 😱 HP[+1] Unknown command.
The kobold cowers, then darts away. 😱 HP[+1]
You feel less wooden.
You turn into a hulking beast. 😱 HP[-2]
You now have 38 max hp (-19).
Unknown command.
You miss something. Something hits you.
* * * LOW HITPOINT WARNING * * *
😱 HP[-2]
You take 2 damage, and now have 2/38 hp.
You bludgeon something!
Unknown command.
You closely miss something. Something hits you.
You die...

Skill      XL: |  1  2  3  4  5  6 |
---------------+-------------------+-----
Stealth        | 1 2 3 4 |  4.0
Unarmed Combat | 4 5 |  5.1
Shapeshifting  | 4 5 |  5.0
Fighting       | |  1.0
Dodging        | |  2.0

Action                     |  1- 3 |  4- 6 || total
---------------------------+-------+-------++-------
  Melee: Unarmed           |    58 |    88 ||   146
         Constrict         |    18 |    17 ||    35
         Tentacles         |     6 |    13 ||    19
         Punch             |     1 |     4 ||     5
    Use: Scroll            |     2 |     6 ||     8
         Potion            |     1 |     4 ||     5
   Stab: Sleeping          |     7 |     3 ||    10
 Armour: Skin              |    21 |    82 ||   103
  Dodge: Dodged            |    27 |    44 ||    71

Levels and vault maps discovered:
D:1:      dpeg_arrival_circle_labyrinth_c, layout_loops_ring,
          hellmonk_ecumenical_altar_dog_temple, hangedman_decor_points,
          minivault_5, minmay_misc_feat_rows
D:2:      layout_loops_cross, feat_on_display
D:3:      layout_loops_corners, nicolae_overflow_hidden_temple, slow_altar_2,
          nemelex_dance_club_becter, gammafunk_ghost_cemetery,
          nicolae_half_adder
D:4:      layout_cave_pools, minmay_circle_x

Notes
Turn   | Place    | Note
-------+----------+-------------------------------------------
     0 | D:1      | ytrimaz the Octopode Shapeshifter began the quest for the
                  | Orb.
     0 | D:1      | Reached XP level 1. HP: 13/13 MP: 1/1
     0 | D:1      | magus.rc [v1.9.6]
   200 | D:1      | Reached skill level 1 in Stealth
   211 | D:1      | Reached XP level 2. HP: 18/18 MP: 2/2
   822 | D:1      | Found a faded altar of an unknown god.
  1496 | D:2      | Reached skill level 2 in Stealth
  1500 | D:2      | Reached XP level 3. HP: 23/23 MP: 3/3
  2067 | D:3      | You pick up a book of Callings and begin reading...
  2067 | D:3      | You add the spells Summon Small Mammal, Call Canine
                  | Familiar and Summon Blazeheart Golem to your library.
  2098 | D:3      | Reached skill level 3 in Stealth
  2098 | D:3      | Reached XP level 4. HP: 22/28 MP: 4/4
  2222 | D:3      | Found a sparkling altar of Nemelex Xobeh.
  2407 | D:3      | Reached XP level 5. HP: 29/33 MP: 5/5
  2411 | D:3      | Reached skill level 4 in Unarmed Combat
  2698 | D:3      | Found a snail-covered altar of Cheibriados.
  2705 | D:3      | Reached skill level 4 in Stealth
  2705 | D:3      | Reached skill level 4 in Shapeshifting
  2945 | D:3      | Found a runed translucent gate.
  2946 | D:3      | Found a runed translucent gate.
  2946 | D:3      | Found a runed translucent gate.
  2947 | D:3      | Noticed Jigsaw's ghost (weakling GnDe)
  2948 | D:3      | Noticed domi's ghost (amateur DsGl)
  3103 | D:3      | Found a shimmering blue altar of Sif Muna.
  3107 | D:3      | Reached XP level 6. HP: 38/38 MP: 6/6
  3626 | D:4      | HP: 9/38 [orc wizard/+0 dagger (3)]
  3628 | D:4      | HP: 1/57 [orc priest/divine providence (11)]
  3633 | D:4      | HP: 9/57 [orc priest/+0 short sword (5)]
  3638 | D:4      | Reached skill level 5 in Unarmed Combat
  3639 | D:4      | HP: 6/57 [something/magic dart (2)]
  3641 | D:4      | Reached skill level 5 in Shapeshifting
  3651 | D:4      | HP: 2/38 [something (2)]
  3653 | D:4      | Slain by an orc wizard

Vanquished Creatures
  A scorpion (D:4)
  A bombardier beetle (D:3)
  4 orc priests
  A hound (D:4)
  A sleepcap (D:3)
  6 adders
  A ribbon worm (D:2)
  A dart slug (D:4)
  10 orcs
  5 ball pythons
  3 endoplasms
  2 giant cockroaches
  7 goblins
  8 hobgoblins
  4 jackals (D:1)
  6 kobolds
  A bat (D:1)
  A frilled lizard (D:1)
  6 rats
69 creatures vanquished.

Table legend:
 A = Non-vault XP
 B = Vault XP
 C = Vault XP percentage of total XP
 D = Non-vault monster count
 E = Vault monster count
 F = Vault count percentage of total count
                 A         B        C        D         E       F
            +---------+---------+-------+---------+---------+-------
      Total |     451 |     117 |  20.6 |      56 |      13 |  18.8
            +---------+---------+-------+---------+---------+-------
        D:1 |      20 |       8 |  28.6 |      12 |       4 |  25.0
        D:2 |      29 |       0 |   0.0 |      16 |       0 |   0.0
        D:3 |     165 |     105 |  38.9 |      17 |       7 |  29.2
        D:4 |     237 |       4 |   1.7 |      11 |       2 |  15.4
            +---------+---------+-------+---------+---------+-------

Skill      XL: |  1  2  3  4  5  6 |
---------------+-------------------+-----
Stealth        | 1 2 3 4 |  4.0
Unarmed Combat | 4 5 |  5.1
Shapeshifting  | 4 5 |  5.0
Fighting       | |  1.0
Dodging        | |  2.0

Action                     |  1- 3 |  4- 6 || total
---------------------------+-------+-------++-------
  Melee: Unarmed           |    58 |    88 ||   146
         Constrict         |    18 |    17 ||    35
         Tentacles         |     6 |    13 ||    19
         Punch             |     1 |     4 ||     5
    Use: Scroll            |     2 |     6 ||     8
         Potion            |     1 |     4 ||     5
   Stab: Sleeping          |     7 |     3 ||    10
 Armour: Skin              |    21 |    82 ||   103
  Dodge: Dodged            |    27 |    44 ||    71

Illustrated notes

Table legend:
 A = Kills in this place as a percentage of kills in the entire game.
 B = Kills by you in this place as a percentage of kills by you in the entire game.
 C = Kills by friends in this place as a percentage of kills by friends in the entire game.
 D = Other kills in this place as a percentage of other kills in the entire game.
 E = Experience gained in this place as a percentage of experience gained in the entire game.
 F = Experience gained in this place divided by the number of levels of this place that you have seen.
                   A       B       C       D       E      F
               +-------+-------+-------+-------+-------+----------------------
         Total | 100.0 | 100.0 |   N/A |   N/A | 100.0 | 142.0
       Dungeon | 100.0 | 100.0 |   N/A |   N/A | 100.0 | 142.0
               +-------+-------+-------+-------+-------+----------------------

Table legend: (Time is in decaauts)
 A = Elapsed time spent in this place.
 B = Non-inter-level travel time spent in this place.
 C = Inter-level travel time spent in this place.
 D = Time resting spent in this place.
 E = Time spent auto-exploring this place.
 F = Levels seen in this place.
 G = Mean time per level.
                   A        B        C        D        E       F      G
               +--------+--------+--------+--------+--------+-----+--------+
         Total |   3639 |   3365 |    274 |    126 |   2727 |   4 |  909.8 |
       Dungeon |   3639 |   3365 |    274 |    126 |   2727 |   4 |  909.8 |
               +--------+--------+--------+--------+--------+-----+--------+

Top non-repeatable levels by time:
     D:1: 1424 daAuts
     D:3: 1307 daAuts
     D:2: 629 daAuts
     D:4: 277 daAuts
